 Dungeon Crawl Stone Soup version 0.20.1-1-g8b1a95d (webtiles) character file.

65 equalderp2856 the Magician (level 3, -3/14 HPs)
             Began as a Felid Wizard on Sept 26, 2017.
             Slain by a hound (5 damage)
             ... on level 5 of the Dungeon.
             The game lasted 00:07:06 (2667 turns).

equalderp2856 the Magician (Felid Wizard)           Turns: 2667, Time: 00:07:07

Health: -3/14      AC:  1    Str:  3    XL:     3   Next: 92%
Magic:  4/9        EV: 18    Int: 20    God:
Gold:   31         SH:  0    Dex: 14    Spells: 9/10 levels left
                                        Lives:  0   Deaths: 0

rFire    . . .     SeeInvis +   (weapon unavailable)
rCold    . . .     Gourm    .   (shield unavailable)
rNeg     . . .     Faith    .   (armour unavailable)
rPois    .         Spirit   .   (helmet unavailable)
rElec    .         Reflect  .   (cloak unavailable)
rCorr    .         Harm     .   (gloves unavailable)
MR       .....                  (boots unavailable)
Stlth    +++.......             (no amulet)
Regen    0.1/turn               (no ring)
MPRegen  0.2/turn               (no ring)

@: quick
A: no armour, no weapons or thrown items, stealth, claws 1, fangs 3, see
invisible, carnivore 3, speed 1, shaggy fur 1, slow metabolism 1, sharp paws
a: no special abilities


You were on level 5 of the Dungeon.
You were hungry.

You visited 1 branch of the dungeon, and saw 5 of its levels.

You collected 31 gold pieces.

Inventory:

Scrolls
 d - 2 scrolls of enchant weapon
 h - a scroll of fog
Potions
 c - a potion of curing {unknown}
 e - a potion of might {unknown}
 i - a potion of heal wounds {unknown}
Books
 a - a book of Minor Magic

   Spells                             Type                      Level
   a - Magic Dart                     Conjuration                  1
   b - Blink                          Translocation                2
   c - Call Imp                       Summoning                    2
   d - Slow                           Hexes                        2
   e - Conjure Flame                  Conjuration/Fire             3
   f - Mephitic Cloud                 Conjuration/Poison/Air       3
Comestibles
 b - 2 meat rations
 g - a royal jelly


   Skills:
 + Level 3.2 Dodging
 + Level 3.1 Stealth
 + Level 4.0 Spellcasting
 + Level 1.4 Conjurations
   Level 1.0 Summonings
   Level 1.5 Translocations


You had 9 spell levels left.
You knew the following spells:

 Your Spells              Type           Power        Failure   Level  Hunger
a - Magic Dart            Conj           #...         7%          1    None


Dungeon Overview and Level Annotations

Branches:
Dungeon (6/15)
 Temple: D:4-7

Altars:

Annotations:
D:2 Sigmund


Innate Abilities, Weirdness & Mutations

You cannot wear armour.
You are incapable of wielding weapons or throwing items.
Your paws allow you to move quietly. (Stealth)
You have sharp claws.
You have razor-sharp teeth.
You have supernaturally acute eyesight. (SInv)
You are carnivorous and can eat meat at any time.
You cover ground quickly.
You are covered in fur. (AC +1)
You have a slow metabolism.
Your sharp claws are effective at attacking unaware monsters.


Message History

Aiming: Magic Dart
Press: ? - help, Shift-Dir - straight line, f/p - hound
Aim: a hound (moderately wounded)
The magic dart hits the hound.
The hound is heavily wounded.
The hound bites you.
* * * LOW HITPOINT WARNING * * *
As you read the scroll labeled DIAGAI QEADEO, it crumbles to dust.
It is a scroll of enchant weapon.
You aren't carrying any weapons that can be enchanted.
The hound misses you. The hound closely misses you.
As you read the scroll labeled WUCLUIMYBA, it crumbles to dust.
It is a scroll of identify.
h - a scroll of fog The hound bites you.
* * * LOW HITPOINT WARNING * * *
As you read the scroll labeled GUMEEG SODAAS, it crumbles to dust.
You feel blessed for a moment.
It was a scroll of remove curse.
The hound completely misses you. The hound bites you.
You die...

.# +#.##
##### .....
#...# ...#
#.#.### #...#
##.....# ...
###....#Y##.#
#..>....oh@.#
#.#.##.######
# #.#...#
#.....#
..#...#
.<......#
.........
.........


You could see a sky beast, a hound and an orc.

Vanquished Creatures
  A hound skeleton (D:6)
  An adder (D:2)
  A gnoll (D:1)
  A worm (D:2)
  2 dart slugs (D:1)
  2 leopard geckos
  A giant cockroach (D:1)
  5 goblins
  2 hobgoblins (D:1)
  A kobold (D:1)
  6 bats
  3 frilled lizards
  2 rats
28 creatures vanquished.

Notes
Turn   | Place    | Note
-------+----------+-------------------------------------------
     0 | D:1      | equalderp2856 the Felid Wizard began the quest for the Orb.
     0 | D:1      | Reached XP level 1. HP: 7/7 MP: 5/5
   242 | D:1      | Reached XP level 2. HP: 7/11 MP: 0/7
   334 | D:1      | Reached skill level 1 in Conjurations
   966 | D:1      | Reached XP level 3. HP: 14/14 MP: 5/9
  2208 | D:2      | Noticed Sigmund
  2508 | D:3      | You fall through a shaft for 3 floors!
  2554 | D:6      | Noticed a water moccasin
  2567 | D:6      | Noticed a phantom
  2578 | D:6      | Reached skill level 4 in Spellcasting
  2652 | D:5      | Entered Level 5 of the Dungeon
  2661 | D:5      | Noticed a sky beast
  2667 | D:5      | Slain by a hound

Skill      XL: |  1  2  3 |
---------------+----------+-----
Conjurations   | 1 |  1.4
Dodging        | 3 |  3.2
Stealth        | 3 |  3.1
Spellcasting   | 4 |  4.0
Summonings     | |  1.0
Translocations | |  1.5

Action                   || total
-------------------------++-------
Melee: Unarmed           ||    60
       Bite              ||     7
 Cast: Magic Dart        ||   108
  Use: Scroll            ||     3
  Eat: Chunk             ||     1
Armor: Skin              ||     7
Dodge: Dodged            ||   100
